[Event "ICCopen2016"]
[Site "Internet Chess Club"]
[Date "2016.06.04"]
[Round "5"]
[White "Alright2015"]
[Black "GolfPro"]
[Result "1-0"]
[ICCResult "Black resigns"]
[WhiteElo "2106"]
[BlackElo "1779"]
[Opening "Réti v Dutch"]
[ECO "A04"]
[NIC "QP.11"]
[Time "14:44:33"]
[TimeControl "180+0"]

1. Nf3 f5 2. d4 Nf6 3. Nc3 b6 4. Bg5 Bb7 5. d5 h6 6. Bxf6 exf6 7. e4 fxe4 8.
Nd4 Qe7 9. Bc4 Ba6 10. d6 Qe5 11. dxc7 Qxc7 12. Qh5+ Kd8 13. O-O-O Bxc4 14.
Nxe4 Nc6 15. Rhe1 Bc5 16. Nxc5 bxc5 17. Qxc5 Nxd4 18. Qxd4 Bf7 19. Qg4 Rc8
20. Re2 g5 21. Red2 Ke8 22. Re2+ Kf8 23. Rxd7 Qc4 24. Qxc4 Rxc4 25. Ree7 Rh7
26. Rxa7 Rf4 27. f3 Rf5 28. b4 Re5 29. Rxe5 fxe5 30. b5 Kg7 31. b6 Rh8 32.
b7 Kf6 33. Ra8 Bd5 34. Rxh8 Bxb7 35. Rxh6+ Kf5 36. Rb6 {Black resigns} 1-0

[Event "ICCopen2016"]
[Site "Internet Chess Club"]
[Date "2016.06.04"]
[Round "5"]
[White "Skeptic1972"]
[Black "Barbos"]
[Result "1/2-1/2"]
[ICCResult "White ran out of time and Black has no material to mate"]
[WhiteElo "1370"]
[BlackElo "2549"]
[Opening "Pirc: classical (two knights) system"]
[ECO "A04"]
[NIC "PU.10"]
[Time "14:43:55"]
[TimeControl "180+0"]

1. Nf3 g6 2. e4 Bg7 3. d4 d6 4. Nc3 Nf6 5. Be3 c6 6. Qd2 b5 7. Bd3 a6 8. Bh6
Bxh6 9. Qxh6 Nbd7 10. h3 e5 11. dxe5 dxe5 12. a4 b4 13. Nb1 Qe7 14. Nbd2 a5
15. O-O Qf8 16. Qe3 Qe7 17. Qh6 Bb7 18. Nc4 Ba6 19. Rad1 Qc5 20. b3 Bxc4 21.
Bxc4 Ke7 22. Rd2 Rad8 23. Rfd1 Nxe4 24. Qh4+ Nef6 25. Rxd7+ Rxd7 26. Rxd7+
Kxd7 27. Qxf6 Re8 28. Bxf7 Re7 29. Ng5 e4 30. Be6+ Kc7 31. Nxe4 Rxe6 32.
Qxe6 Qxc2 33. Qd6+ Kb6 34. Qd4+ Kb7 35. Nc5+ Kc7 36. h4 Qf5 37. g4 Qf3 38.
Ne6+ Kb7 39. Qd7+ Kb8 40. Qc7+ Ka8 41. Qc8+ Ka7 42. Qc7+ Ka8 43. Qxa5+ Kb7
44. Qxb4+ Kc8 45. Qf8+ Qxf8 46. Nxf8 h5 47. g5 Kd8 48. Nxg6 Ke8 49. Nf4 Kf7
50. Nxh5 Kg6 51. Nf4+ Kf5 52. Nd3 Kg6 53. Nb4 Kh5 54. Nxc6 Kg6 55. f4 Kf5
56. a5 Kg4 57. a6 Kg3 58. a7 Kg4 59. a8=Q Kg3 60. Qe8 Kg4 61. Qe3 Kf5 62.
Qf3 Kg6 63. Qe4+ Kh5 64. Qf5 Kxh4
{White ran out of time and Black has no material to mate}
1/2-1/2

[Event "ICCopen2016"]
[Site "Internet Chess Club"]
[Date "2016.06.04"]
[Round "5"]
[White "Shafkat"]
[Black "chapeau"]
[Result "1-0"]
[ICCResult "Black checkmated"]
[WhiteElo "1647"]
[BlackElo "1327"]
[Opening "Scandinavian (center counter) defense"]
[ECO "B01"]
[NIC "VO.17"]
[Time "14:44:07"]
[TimeControl "180+0"]

1. e4 d5 2. exd5 e6 3. dxe6 Bxe6 4. Nf3 Nf6 5. Nc3 Bd6 6. d4 O-O 7. Bd3 c6
8. O-O Qc8 9. Bg5 Nh5 10. Ne5 g6 11. Bh6 Re8 12. Qf3 f6 13. Nxg6 hxg6 14.
Bxg6 Ng7 15. Qxf6 Bf8 16. Bxe8 Qxe8 17. Rae1 Nd7 18. Qg5 Qf7 19. Re3 Bd5 20.
Nxd5 cxd5 21. Rf3 Qe6 22. Re3 Qf7 23. Rfe1 Nf6 24. Bxg7 Bxg7 25. Re7 Qf8 26.
R1e6 Re8 27. Rxg7+ Qxg7 28. Rxe8+ Nxe8 29. Qxd5+ Kf8 30. Qd8 Qe7 31. Qxe7+
Kxe7 32. f4 Kd6 33. Kf2 Kd5 34. Kf3 Kxd4 35. g4 Ng7 36. h4 Kd5 37. h5 Ke6
38. g5 Nf5 39. Kg4 Ne3+ 40. Kf3 Nxc2 41. h6 Kf7 42. f5 Nd4+ 43. Ke4 Nc6 44.
g6+ Kg8 45. f6 Ne7 46. fxe7 Kh8 47. e8=Q# {Black checkmated} 1-0

[Event "ICCopen2016"]
[Site "Internet Chess Club"]
[Date "2016.06.04"]
[Round "5"]
[White "totus"]
[Black "Tal-Baron"]
[Result "0-1"]
[ICCResult "White checkmated"]
[WhiteElo "2350"]
[BlackElo "2770"]
[Opening "Benko's opening"]
[ECO "A00"]
[NIC "VO.09"]
[Time "14:44:32"]
[TimeControl "180+0"]

1. g3 c5 2. Bg2 Nc6 3. e4 g6 4. d3 Bg7 5. f4 d6 6. Nf3 e5 7. c3 Nge7 8. O-O
O-O 9. Na3 Be6 10. Be3 exf4 11. gxf4 b6 12. Bf2 d5 13. Ng5 Bc8 14. Qf3 h6
15. exd5 hxg5 16. dxc6 g4 17. Qg3 Nf5 18. Qxg4 Ne3 19. Qf3 Nxg2 20. Qxg2 Be6
21. Nb5 Bd5 22. c7 Qd7 23. Qg5 Bb7 24. c4 Qxd3 25. Rae1 Qf3 26. Bh4 Qh1+ 27.
Kf2 Qxh2+ 28. Ke3 Qxb2 29. Nd6 Rfe8+ 30. Nxe8 Rxe8+ 31. Qe7 Rxe7+ 32. Bxe7
Bd4+ 33. Kd3 Qc3+ 34. Ke2 Qc2# {White checkmated} 0-1

[Event "ICCopen2016"]
[Site "Internet Chess Club"]
[Date "2016.06.04"]
[Round "5"]
[White "e8thatcat"]
[Black "TudoracheM"]
[Result "0-1"]
[ICCResult "White forfeits on time"]
[WhiteElo "1415"]
[BlackElo "1716"]
[Opening "King's Indian: 6.Be2"]
[ECO "E91"]
[NIC "KI.19"]
[Time "14:44:48"]
[TimeControl "180+0"]

1. d4 Nf6 2. c4 g6 3. Nc3 Bg7 4. Nf3 O-O 5. e4 d6 6. Be2 h6 7. O-O Nc6 8. d5
Ne5 9. Nxe5 dxe5 10. f3 e6 11. Be3 exd5 12. cxd5 c6 13. Rc1 cxd5 14. exd5 a6
15. Bc4 Kh7 16. Bb3 b6 17. Qc2 Bb7 18. Rfd1 Qd6 19. Ne4 Nxe4 20. Qxe4 Rfc8
21. Rxc8 Rxc8 22. Rc1 f5 23. Qd3 Rxc1+ 24. Bxc1 f4 25. Qe4 Qc5+ 26. Kf1
Qxc1+ 27. Ke2 Qxb2+ 28. Bc2 Kg8 29. Qxg6 Qb5+ 30. Bd3 Qd7 31. Bc4 Bxd5 32.
Bxd5+ Qxd5 33. Qxb6 Qb5+ 34. Qxb5 axb5 {White forfeits on time} 0-1

[Event "ICCopen2016"]
[Site "Internet Chess Club"]
[Date "2016.06.04"]
[Round "5"]
[White "Tresor77"]
[Black "Koval"]
[Result "0-1"]
[ICCResult "White forfeits on time"]
[WhiteElo "1477"]
[BlackElo "1891"]
[Opening "Sicilian: dragon, Yugoslav attack, Rauser variation"]
[ECO "B76"]
[NIC "SI.17"]
[Time "14:44:40"]
[TimeControl "180+0"]

1. e4 c5 2. Nf3 d6 3. d4 cxd4 4. Nxd4 Nf6 5. Nc3 g6 6. Be3 Bg7 7. f3 O-O 8.
Qd2 Nc6 9. O-O-O d5 10. exd5 Nxd5 11. Nxc6 bxc6 12. Bd4 e5 13. Bc5 Be6 14.
Ne4 Rb8 15. Bc4 Re8 16. Nd6 Re7 17. Ne4 Reb7 18. Bb3 h6 19. Rhe1 f5 20. Nd6
Rd7 21. g3 a5 22. a4 Rxd6 23. Bxd6 Qxd6 24. Qxa5 Kh7 25. Kb1 Rb4 26. h4 Qb8
27. Rd3 Bg8 28. Red1 e4 29. fxe4 fxe4 30. R3d2 e3 31. Re2 Rxb3 32. cxb3 Qxb3
{White forfeits on time}
0-1

[Event "ICCopen2016"]
[Site "Internet Chess Club"]
[Date "2016.06.04"]
[Round "5"]
[White "chaozz"]
[Black "Kalmyk"]
[Result "0-1"]
[ICCResult "White resigns"]
[WhiteElo "3051"]
[BlackElo "2988"]
[Opening "Sicilian: Najdorf, Zagreb (fianchetto) variation"]
[ECO "B91"]
[NIC "SI.14"]
[Time "14:43:54"]
[TimeControl "180+0"]

1. e4 c5 2. Nf3 d6 3. Nc3 a6 4. d4 cxd4 5. Nxd4 Nf6 6. g3 e5 7. Nb3 Be7 8.
Bg2 O-O 9. O-O Nbd7 10. a4 b6 11. Re1 Bb7 12. Nd2 Rc8 13. Nf1 Nc5 14. Bg5
Ne6 15. Bxf6 Bxf6 16. Ne3 Bg5 17. Ned5 Bc6 18. h4 Bh6 19. Qd3 Ra8 20. Red1
Bb7 21. Ne2 g6 22. c3 Bg7 23. Qc2 Rb8 24. Rd2 Ba8 25. b4 Re8 26. Rad1 Qc8
27. Ne3 Bf8 28. Qb3 Qc7 29. Nd5 Bxd5 30. Rxd5 Rbc8 31. Bh3 Kg7 32. R5d3 Qc6
33. Bg2 Qc7 34. h5 Be7 35. Qb1 Qc6 36. Qc2 Qc4 37. Qd2 Qc6 38. f4 Qxa4 39.
f5 Bg5 40. Qe1 Nf8 41. Rxd6 Red8 42. h6+ Kxh6 43. Rxd8 Rxd8 44. Rd5 Rxd5 45.
exd5 gxf5 46. Qf2 Qd1+ 47. Kh2 Qd3 48. d6 Qxd6 49. Qxf5 Qe6 50. Qe4 f5 51.
Qa8 Ng6 52. Qxa6 f4 53. gxf4 Bxf4+ 54. Kh1 Qg4 55. Qd3 Qh4+ 56. Kg1 Qe1+ 57.
Bf1 Kg5 58. Qh3 h5 59. Qg2+ Kh6 60. Qe4 Nh4 61. Qc6+ Kg5 62. Qxb6 Nf3+ 63.
Kg2 Nh4+ 64. Kg1 Nf5 65. Qd8+ Kg4 66. Qf8 Be3+ 67. Kg2 Qf2+ 68. Kh1 Qxf1+
{White resigns}
0-1

[Event "ICCopen2016"]
[Site "Internet Chess Club"]
[Date "2016.06.04"]
[Round "5"]
[White "TZ700A"]
[Black "jupitor1"]
[Result "1-0"]
[ICCResult "Black forfeits on time"]
[WhiteElo "1352"]
[BlackElo "941"]
[Opening "Philidor's defense"]
[ECO "C41"]
[NIC "KP.10"]
[Time "14:44:25"]
[TimeControl "180+0"]

1. e4 e5 2. Nf3 d6 3. Bc4 Qf6 4. O-O Be6 5. Bxe6 Qxe6 6. d4 f6 7. d5 Qd7 8.
c4 c6 9. Nc3 cxd5 10. cxd5 Ne7 11. Be3 Nc8 12. Qd3 Na6 13. Ne2 Nc7 14. Nh4
Be7 15. Nf5 Kf7 16. f4 g6 17. Nh6+ Kg7 18. fxe5 dxe5 19. Rad1 Bd6 20. Ng4
Ne8 21. Bh6+ Kf7 22. Ne3 Bc5 23. Kh1 Bxe3 24. Bxe3 Ned6 25. Bg5 f5 26. exf5
Nxf5 27. Ng3 Nd6 28. Ne4 Nxe4 29. Qxe4 Kg7 30. Qxe5+ Kf7 31. Qf6+ Kg8 32.
Rfe1 Rf8 33. Qe6+ {Black forfeits on time} 1-0

[Event "ICCopen2016"]
[Site "Internet Chess Club"]
[Date "2016.06.04"]
[Round "5"]
[White "SurferRosa"]
[Black "blitzmaniac"]
[Result "1-0"]
[ICCResult "Black resigns"]
[WhiteElo "2459"]
[BlackElo "2797"]
[Opening "Sicilian: Richter-Rauzer"]
[ECO "B60"]
[NIC "SI.27"]
[Time "14:44:04"]
[TimeControl "180+0"]

1. e4 c5 2. Nf3 Nc6 3. d4 cxd4 4. Nxd4 Nf6 5. Nc3 d6 6. Bg5 a6 7. Qd2 Nxd4
8. Qxd4 Qa5 9. f4 e5 10. Qd2 Be7 11. Bc4 O-O 12. O-O-O b5 13. Bb3 b4 14. Nd5
Nxd5 15. Qxd5 Qxd5 16. Rxd5 Bxg5 17. fxg5 Bb7 18. Rxd6 Bxe4 19. Re1 Bxg2 20.
Rxe5 a5 21. Re7 a4 22. Bc4 Bh3 23. Rb6 b3 24. axb3 axb3 25. cxb3 Bf5 26. Kd2
Be6 27. Bxe6 fxe6 28. Rbb7 Rf2+ 29. Ke3 Rxh2 30. Rxg7+ Kh8 31. b4 Rg8 32.
Rxg8+ Kxg8 33. b5 Rxb2 34. b6 Rb5 35. Kf4 Rf5+ 36. Kg4 Rb5 37. Kh5 Rb1 38.
Kg4 Rb5 39. Kf4 Rf5+ 40. Kg4 Rb5 41. Rb8+ Kg7 42. b7 Rb4+ 43. Kf3 Rb5 44.
Ke4 Rb1 45. Kd4 Rb5 46. Kc4 Rb1 47. Kc5 Rb2 48. Kc6 Rc2+ 49. Kd7 Rd2+ 50.
Kxe6 Rb2 51. Kd7 Rd2+ 52. Kc8 Rc2+ 53. Kd8 Rb2 54. Kc7 Rc2+ 55. Kb6 Rb2+ 56.
Ka7 Ra2+ 57. Kb6 Rb2+ 58. Ka6 Ra2+ 59. Kb5 Rb2+ 60. Kc4 Rc2+ 61. Kb3 Rc7 62.
Rg8+ {Black resigns} 1-0

[Event "ICCopen2016"]
[Site "Internet Chess Club"]
[Date "2016.06.04"]
[Round "5"]
[White "searchforbobby1"]
[Black "jonesey"]
[Result "1-0"]
[ICCResult "Black resigns"]
[WhiteElo "2081"]
[BlackElo "1749"]
[Opening "Center game: Berger variation"]
[ECO "C22"]
[NIC "KP.04"]
[Time "14:45:44"]
[TimeControl "180+0"]

1. e4 e5 2. d4 exd4 3. Qxd4 Nc6 4. Qe3 Nf6 5. Nc3 Bb4 6. Bd2 O-O 7. O-O-O
Re8 8. Qg3 Rxe4 9. a3 Rg4 10. Qh3 Bxc3 11. Bxc3 d6 12. Qe3 Bf5 13. f3 Rg6
14. g4 Bxg4 15. fxg4 Nxg4 16. Qg3 Nge5 17. Qe1 Qg5+ 18. Kb1 Kf8 19. Bd3 Re6
20. Qg3 Qh6 21. Nh3 Rg6 22. Bxg6 hxg6 23. Rhf1 Re8 24. Ng5 {Black resigns}
1-0

[Event "ICCopen2016"]
[Site "Internet Chess Club"]
[Date "2016.06.04"]
[Round "5"]
[White "catman"]
[Black "ramezsamir"]
[Result "1-0"]
[ICCResult "Black forfeits on time"]
[WhiteElo "1829"]
[BlackElo "2122"]
[Opening "QGD: Cambridge Springs defense, Yugoslav variation"]
[ECO "D52"]
[NIC "QO.15"]
[Time "14:43:55"]
[TimeControl "180+0"]

1. d4 e6 2. c4 Nf6 3. Nf3 d5 4. Bg5 Nbd7 5. Nc3 c6 6. e3 Qa5 7. cxd5 Nxd5 8.
Qd2 Bb4 9. Rc1 O-O 10. Bd3 c5 11. O-O cxd4 12. exd4 h6 13. Bxh6 Nxc3 14.
bxc3 Ba3 15. Rb1 Qh5 16. Bf4 b6 17. Be4 Ba6 18. Rfe1 Rac8 19. Ne5 Nf6 20.
Bf3 Qf5 21. Bg5 Nd5 22. Be4 f6 23. Bxf5 exf5 24. Ng6 fxg5 25. Nxf8 Rxf8 26.
Re5 Nf4 27. g3 Nh3+ 28. Kg2 g4 29. Rb3 Bb7+ 30. d5 Bc5 31. c4 Bxf2 32. Qxf2
Nxf2 33. Kxf2 f4 34. Rd3 fxg3+ 35. Kxg3 g5 36. d6 Rf3+ 37. Rxf3 gxf3 38. d7
Kf7 39. Kf2 Kf6 40. Re8 Bc6 41. d8=Q+ Kf7 42. Rf8+ {Black forfeits on time}
1-0

[Event "ICCopen2016"]
[Site "Internet Chess Club"]
[Date "2016.06.04"]
[Round "5"]
[White "YoureFired"]
[Black "Chaos23"]
[Result "1-0"]
[ICCResult "Black forfeits on time"]
[WhiteElo "1903"]
[BlackElo "1924"]
[Opening "Scandinavian: Icelandic gambit"]
[ECO "B01"]
[NIC "SD.03"]
[Time "14:43:57"]
[TimeControl "180+0"]

1. e4 d5 2. exd5 Nf6 3. c4 e6 4. d4 exd5 5. Nc3 Bd6 6. c5 Be7 7. Bd3 b6 8.
b4 a5 9. cxb6 Bxb4 10. Qe2+ Kf8 11. Bd2 cxb6 12. Nf3 Nc6 13. h3 Ra7 14. O-O
Re7 15. Qd1 h6 16. a3 Bd6 17. Bb5 Na7 18. Bd3 g6 19. Qb3 Kg7 20. Rab1 Bc7
21. Rfe1 Rhe8 22. Rxe7 Rxe7 23. Re1 Rxe1+ 24. Bxe1 Qd6 25. Ne5 Nc6 26. Nxc6
Qxc6 27. Ne2 Ne4 28. Qb5 Qd6 29. Ng3 Nxg3 30. fxg3 Bd7 31. Qb3 Bd8 32. Bb1
Bf6 33. Bf2 Qc6 34. Be3 a4 35. Qb2 b5 36. Kf2 Qc4 37. Qd2 h5 38. Bd3 Qb3 39.
Qe2 Qxa3 40. Bxb5 Qb4 41. Bd3 Bxd4 42. Kf3 Bf6 43. Bc2 d4 44. Bd2 Bc6+ 45.
Kf2 Qc5 46. Qd3 Qe5 47. Bb1 a3 48. Ba2 Qd6 49. Qe2 Qe5 50. Qd1 Be4 51. Bf4
Qc5 52. Qd2 d3+ 53. Be3 Qc2 54. Ke1 Qxd2+ 55. Kxd2 Be5 56. Kd1 Bxg3 57. Kd2
Bh2 58. Bd4+ {Black forfeits on time} 1-0

[Event "ICCopen2016"]
[Site "Internet Chess Club"]
[Date "2016.06.04"]
[Round "5"]
[White "Lucas"]
[Black "supermouse"]
[Result "0-1"]
[ICCResult "White resigns"]
[WhiteElo "2323"]
[BlackElo "2682"]
[Opening "Old Indian defense"]
[ECO "A42"]
[NIC "OI.07"]
[Time "14:44:16"]
[TimeControl "180+0"]

1. d4 d6 2. c4 f6 3. g3 e5 4. Bg2 Nc6 5. dxe5 dxe5 6. Qxd8+ Nxd8 7. Nc3 c6
8. Nf3 Be6 9. b3 Bb4 10. Bb2 Ne7 11. O-O Bf5 12. a3 Bxc3 13. Bxc3 a5 14. Nd2
Ne6 15. e4 Bg4 16. h3 Be2 17. Rfe1 Bd3 18. Re3 Rd8 19. Bxa5 Rd7 20. Bc3 Kf7
21. Bf1 Bxf1 22. Nxf1 Nd4 23. Bxd4 exd4 24. Rd3 c5 25. b4 b6 26. Rb1 Nc6 27.
f4 Re8 28. Nd2 g5 29. bxc5 bxc5 30. Rb5 gxf4 31. gxf4 Ne7 32. Rxc5 Ng6 33.
Rf3 Rb8 34. Rb5 Ra8 35. Rd5 Rda7 36. Rxd4 Rxa3 37. Rxa3 Rxa3 38. Rd7+ Ke6
39. Rxh7 Nxf4 40. h4 Ra2 41. Nf3 Nh3+ 42. Kh1 Nf2+ 43. Kg1 Nxe4 44. Nd4+ Ke5
45. Nc6+ Kf4 46. Nd4 Rd2 47. Ne6+ Kf3 48. Ra7 Rd3 49. Ra2 Rc3 50. c5 f5 51.
Ng5+ Nxg5 52. hxg5 Rc1+ 53. Kh2 Rxc5 54. Rg2 f4 55. Rg1 Rc2+ 56. Kh3 Rc8 57.
Rf1+ Ke3 58. Kg4 Rf8 59. Rf3+ Ke4 60. g6 Rf6 61. Kg5 Rxg6+ {White resigns}
0-1

[Event "ICCopen2016"]
[Site "Internet Chess Club"]
[Date "2016.06.04"]
[Round "5"]
[White "victor22224444"]
[Black "Dinamit"]
[Result "1/2-1/2"]
[ICCResult "White ran out of time and Black has no material to mate"]
[WhiteElo "2359"]
[BlackElo "2680"]
[Opening "Sicilian: closed"]
[ECO "B23"]
[NIC "SI.44"]
[Time "14:44:21"]
[TimeControl "180+0"]

1. e4 c5 2. Nc3 d6 3. f4 Nc6 4. Nf3 g6 5. Bb5 Bg7 6. Bxc6+ bxc6 7. d3 Nh6 8.
h3 f6 9. O-O Nf7 10. Qe1 O-O 11. Bd2 e5 12. b3 exf4 13. Bxf4 f5 14. exf5 Re8
15. Qd2 Bxf5 16. Rae1 Qa5 17. Na4 Qb4 18. Rxe8+ Rxe8 19. Re1 Rxe1+ 20. Qxe1
Qxe1+ 21. Nxe1 g5 22. Be3 h5 23. Nf3 Bf6 24. Nd2 g4 25. hxg4 hxg4 26. Nc4
Kg7 27. Na5 Bd7 28. Nb7 Be5 29. c3 Kg6 30. d4 cxd4 31. cxd4 Bg7 32. Kf2 Ng5
33. Nxd6 Ne6 34. Nc5 Bc8 35. Nxc8 Nc7 36. Nd6 Nd5 37. Nde4 Kf5 38. Ng3+ Kg6
39. Ke2 Bf8 40. Kd3 Nb4+ 41. Kc4 Nxa2 42. Nd7 Bd6 43. Ne5+ Kf6 44. Ne4+ Ke6
45. Nxd6 Kxd6 46. Bf4 Ke6 47. Nxc6 Kf5 48. Nxa7 Kxf4 49. d5 Ke5 50. Kc5 Nc3
51. d6 Ne4+ 52. Kc6 Nxd6 53. b4 Nf5 54. Nb5 Ke4 55. Nc3+ Kd3 56. Nd5 Nd4+
57. Kc5 Nb3+ 58. Kd6 g3 59. Nf6 Nd2 60. Nh5 Ne4+ 61. Kc6 Nc3 62. Nxg3 Kc4
63. b5 Nxb5 64. Nf5 Nc3 65. g4 Kd3
{White ran out of time and Black has no material to mate}
1/2-1/2

[Event "ICCopen2016"]
[Site "Internet Chess Club"]
[Date "2016.06.04"]
[Round "5"]
[White "Bozhenka"]
[Black "B-Alqudaimi"]
[Result "1-0"]
[ICCResult "Black forfeits on time"]
[WhiteElo "2948"]
[BlackElo "2436"]
[Opening "Budapest defense"]
[ECO "A52"]
[NIC "QG.01"]
[Time "14:43:48"]
[TimeControl "180+0"]

1. d4 Nf6 2. c4 e5 3. dxe5 Ng4 4. e3 Nxe5 5. Nh3 Bb4+ 6. Bd2 Qe7 7. Nf4 c6
8. Nc3 d6 9. Be2 O-O 10. O-O Bxc3 11. Bxc3 Bf5 12. Qd2 Na6 13. Rad1 Rad8 14.
f3 Bc8 15. Rfe1 f5 16. b4 Nc7 17. Qb2 Ng6 18. Nh5 Rf7 19. Bf1 Ne8 20. c5 d5
21. Nf4 Nc7 22. a4 a6 23. Qf2 Qg5 24. Qg3 Qxg3 25. hxg3 Re8 26. Kf2 Rfe7 27.
Bd3 Ne5 28. Bf1 Nf7 29. Bd3 Ne6 30. Ne2 g6 31. Bc2 Ng7 32. Nf4 Ne5 33. Bb3
Nd7 34. e4 fxe4 35. fxe4 Rxe4 36. Rxe4 Rxe4 37. Nxd5 Kf8 38. Nf4 Nf5 39. Be6
Nxc5 40. Bxf5 Bxf5 41. b5 Nxa4 42. Bf6 Kf7 43. Ba1 axb5 44. Kf3 Rc4 45. g4
Nc3 46. Re1 Be4+ 47. Kg3 Nd5 48. Nh3 Rb4 49. Ng5+ Kg8 50. Nxe4 Rb3+ 51. Kh4
b4 52. Ng5 Nc3 53. Re8+ Kg7 54. Re7+ Kf8 55. Rxb7 h6 56. Ne6+ Ke8 57. Ng7+
{Black forfeits on time}
1-0

[Event "ICCopen2016"]
[Site "Internet Chess Club"]
[Date "2016.06.04"]
[Round "5"]
[White "Ajolote"]
[Black "bythebook"]
[Result "1-0"]
[ICCResult "Black forfeits on time"]
[WhiteElo "1480"]
[BlackElo "1740"]
[Opening "Caro-Kann: Tartakower (Nimzovich) variation"]
[ECO "B15"]
[NIC "CK.06"]
[Time "14:43:54"]
[TimeControl "180+0"]

1. e4 c6 2. d4 d5 3. Nc3 dxe4 4. Nxe4 Nf6 5. Nxf6+ exf6 6. Nf3 Bd6 7. c4 O-O
8. Be3 Re8 9. Be2 Bg4 10. O-O Nd7 11. Qc2 Nf8 12. Rac1 Ng6 13. Rfd1 Qe7 14.
h3 Bd7 15. Qb3 Rab8 16. Bd3 Nf4 17. Bf1 Bf5 18. d5 c5 19. a3 b6 20. Qc3 Be5
21. Qd2 Qd6 22. Nxe5 fxe5 23. Bxf4 exf4 24. Re1 f3 25. Rxe8+ Rxe8 26. Re1
Rxe1 27. Qxe1 g6 28. Qe8+ Kg7 29. Qe3 fxg2 30. Bxg2 a5 31. Qc3+ Qf6 32.
Qxf6+ Kxf6 33. Kf1 Ke5 34. Ke1 Kd4 35. Bf1 f6 36. Kd2 g5 37. f3 h5 38. b3 h4
39. a4 Bd7 40. Bg2 Bf5 41. Bf1 Bg6 42. Bg2 Bb1 43. Bf1 Ke5 44. Kc3 Bf5 45.
Kd2 Kf4 46. Bg2 Kg3 47. Bf1 Kxf3 48. Be2+ Kg3 49. Bf1 Kf4 50. Ke1 Ke5 51.
Kd2 Bd7 52. Be2 f5 53. Bf1 {Black forfeits on time} 1-0

[Event "ICCopen2016"]
[Site "Internet Chess Club"]
[Date "2016.06.04"]
[Round "5"]
[White "Qualm"]
[Black "thenowtime"]
[Result "1-0"]
[ICCResult "Black forfeits on time"]
[WhiteElo "1725"]
[BlackElo "1972"]
[Opening "Sicilian: closed, 2...Nc6"]
[ECO "B23"]
[NIC "SI.44"]
[Time "14:44:03"]
[TimeControl "180+0"]

1. e4 c5 2. Nc3 Nc6 3. Nf3 d6 4. d3 Nf6 5. Be2 g6 6. O-O Bg7 7. Bd2 O-O 8.
Re1 e5 9. h3 h6 10. Bf1 Be6 11. Ne2 Nh5 12. c3 f5 13. Ng3 Nf4 14. Qc1 g5 15.
exf5 Bxf5 16. Nxf5 Rxf5 17. Qc2 Rf8 18. Nh2 Qe8 19. Rad1 Qg6 20. Qb1 Rae8
21. Be3 h5 22. g3 Nd5 23. d4 Qxb1 24. Rxb1 Nxe3 25. fxe3 Ne7 26. dxc5 dxc5
27. e4 a6 28. Rbd1 Rd8 29. Bc4+ Kh8 30. Nf1 Bh6 31. Ne3 g4 32. Nd5 Nc6 33.
hxg4 hxg4 34. Rf1 Kg7 35. Kg2 b5 36. Be2 Bg5 37. Rxf8 Rxf8 38. Bxg4 Na5 39.
Be2 c4 40. Nc7 Rf7 41. Ne6+ Kg6 42. Nxg5 Kxg5 43. Rd8 Nb7 44. Rg8+ Kf6 45.
Ra8 Nc5 46. Rb8 {Black forfeits on time} 1-0

[Event "ICCopen2016"]
[Site "Internet Chess Club"]
[Date "2016.06.04"]
[Round "5"]
[White "ajedrezlento"]
[Black "Valai"]
[Result "0-1"]
[ICCResult "White checkmated"]
[WhiteElo "1838"]
[BlackElo "2567"]
[Opening "Ware (Meadow Hay) opening"]
[ECO "A00"]
[Time "14:44:30"]
[TimeControl "180+0"]

1. a4 d5 2. g3 Nf6 3. Bg2 g6 4. d3 Bg7 5. Nd2 O-O 6. e4 dxe4 7. dxe4 Bg4 8.
Ngf3 Nc6 9. O-O e5 10. c3 Qd3 11. h3 Bxf3 12. Qxf3 Rad8 13. Qxd3 Rxd3 14.
Re1 Rfd8 15. Nc4 a6 16. a5 h6 17. Kf1 Bf8 18. Be3 Kg7 19. Ke2 R3d7 20. b4
Ne8 21. h4 Nd6 22. Nd2 f5 23. f3 Be7 24. Red1 f4 25. gxf4 exf4 26. Bxf4 Bxh4
27. Rh1 Bg5 28. Bxg5 hxg5 29. Rad1 Ne5 30. Nf1 Nb5 31. Rc1 Rd3 32. c4 Nd4+
33. Kf2 Ndxf3 34. Ne3 Rd2+ 35. Kg3 R8d3 36. Bxf3 Rxe3 37. Rhf1 Rdd3 38. c5
Rxf3+ 39. Rxf3 Rxf3+ 40. Kg2 g4 41. c6 Nxc6 42. b5 axb5 43. a6 bxa6 44. Rxc6
Rf7 45. Rxa6 c5 46. Rc6 c4 47. Rb6 c3 48. Rxb5 Rc7 49. Rb1 c2 50. Rc1 Kf6
51. Kg3 Ke5 52. Kxg4 Kxe4 53. Kg5 Rc6 54. Re1+ Kd3 55. Re6 Rxe6 56. Kf4
c1=Q+ 57. Kg4 Qg1+ 58. Kf3 Rf6# {White checkmated} 0-1

[Event "ICCopen2016"]
[Site "Internet Chess Club"]
[Date "2016.06.04"]
[Round "5"]
[White "Volkov"]
[Black "x22"]
[Result "1-0"]
[ICCResult "Black resigns"]
[WhiteElo "2866"]
[BlackElo "2410"]
[Opening "Queen's Pawn"]
[ECO "A41"]
[NIC "QO.17"]
[Time "14:44:51"]
[TimeControl "180+0"]

1. d4 d6 2. Nf3 Nf6 3. c4 g6 4. Nc3 Bf5 5. g3 Ne4 6. Bg2 Nxc3 7. bxc3 c5 8.
Nh4 Bc8 9. O-O Bg7 10. e4 Nc6 11. Be3 O-O 12. a4 cxd4 13. cxd4 e5 14. d5 Nd4
15. a5 h5 16. h3 Bd7 17. Qb1 Qc8 18. Kh2 Rb8 19. Rc1 Kh7 20. Qd3 f5 21. exf5
Nxf5 22. Bxa7 Nxh4 23. gxh4 Rf4 24. c5 e4 25. Bxe4 Bf5 26. Bxf5 Rxf2+ 27.
Kg1 Rxf5 28. cxd6 Bxa1 29. Rxc8 Rxc8 30. Qb1 Be5 31. Qxb7+ Bg7 32. Qxc8 Rxd5
33. d7 Bf6 34. Bb6 Bxh4 35. d8=Q Bxd8 36. Bxd8 Rd1+ 37. Kf2 Rd2+ 38. Ke1 Rd5
39. Qb7+ Rd7 40. Qxd7+ {Black resigns} 1-0

[Event "ICCopen2016"]
[Site "Internet Chess Club"]
[Date "2016.06.04"]
[Round "5"]
[White "dineshsharma"]
[Black "kolding"]
[Result "0-1"]
[ICCResult "White checkmated"]
[WhiteElo "2369"]
[BlackElo "1697"]
[Opening "Bogo-Indian defense, Grünfeld variation"]
[ECO "E11"]
[NIC "QI.01"]
[Time "14:44:11"]
[TimeControl "180+0"]

1. d4 Nf6 2. Nf3 e6 3. c4 Bb4+ 4. Nbd2 O-O 5. g3 c5 6. Bg2 Nc6 7. dxc5 Bxc5
8. O-O d5 9. cxd5 exd5 10. Nb3 Bb6 11. Nbd4 Bg4 12. Bg5 Re8 13. Re1 Qd6 14.
Rc1 Ne4 15. Bf4 Qf6 16. Be3 Ba5 17. Rf1 Bb6 18. Nc2 Qxb2 19. Qxd5 Nc3 20.
Qc4 Bxf3 21. Bxf3 Ne5 22. Qb3 Qxb3 23. axb3 Nxf3+ 24. exf3 Ne2+ 25. Kg2 Bxe3
26. Nxe3 Nxc1 27. Rxc1 Rac8 28. Ra1 a6 29. b4 g6 30. Rb1 Red8 31. b5 a5 32.
b6 Rc5 33. f4 f6 34. Ng4 Kf7 35. h4 a4 36. Ra1 Ra8 37. Ra3 Rb5 38. f5 Rxb6
39. fxg6+ hxg6 40. Ne3 Rb3 41. Ra2 b5 42. Rc2 Ra7 43. h5 gxh5 44. Nf5 a3 45.
Nd6+ Kg6 46. Ne4 a2 47. Nc5 Rb4 48. Nd3 Rb1 49. Nf4+ Kf7 50. Nxh5 a1=Q 51.
Nf4 Qd4 52. Re2 Rb2 53. Rxb2 Qxb2 54. Nd3 Qd2 55. Nf4 Ra2 56. Nh3 b4 57. Kf3
b3 58. Nf4 Qxf2+ 59. Kg4 Qxf4+ 60. gxf4 Ra4 61. Kf5 Rxf4+ 62. Kxf4 b2 63.
Kg4 b1=Q 64. Kf4 Qb5 65. Ke3 Ke6 66. Ke4 Qb4+ 67. Kf3 Ke5 68. Ke3 Qb3+ 69.
Kd2 Ke4 70. Kc1 Qa2 71. Kd1 Kd3 72. Ke1 Qe2# {White checkmated} 0-1

[Event "ICCopen2016"]
[Site "Internet Chess Club"]
[Date "2016.06.04"]
[Round "5"]
[White "muhit"]
[Black "Werewolf"]
[Result "0-1"]
[ICCResult "White forfeits on time"]
[WhiteElo "1843"]
[BlackElo "2194"]
[Opening "QGA, 4.Nc3"]
[ECO "D24"]
[NIC "QG.05"]
[Time "14:44:55"]
[TimeControl "180+0"]

1. d4 d5 2. c4 dxc4 3. Nf3 Nf6 4. Nc3 a6 5. a4 Nc6 6. e3 Na5 7. Nd2 Be6 8.
Be2 c6 9. O-O b5 10. Nce4 Nxe4 11. Nxe4 Nb3 12. Rb1 g6 13. Nc5 Nxc5 14. dxc5
Qxd1 15. Rxd1 Bg7 16. Bf3 Rc8 17. Bd2 O-O 18. Ba5 Bf5 19. Rbc1 Bxb2 20. e4
Bxc1 21. exf5 Ba3 22. Bb6 c3 23. Be4 gxf5 24. Bxf5 e6 25. Bc2 b4 26. a5 f5
27. Rd7 Rf7 28. Rd6 Re7 29. f4 Kf7 30. Bb3 Bc1 31. g3 Bd2 32. Kf2 Rb8 33.
Ke2 Rbb7 34. Kd3 Rbd7 35. Kc2 Rxd6 36. cxd6 Rd7 37. Bc5 Kf6 38. Bc4 e5 39.
fxe5+ Kxe5 40. Bxa6 Kd5 41. Bxb4 c5 42. Ba3 Kxd6 43. Bd3 Ra7 44. a6 f4 45.
gxf4 Kd5 46. f5 c4 47. Be2 Rxa6 48. Bb4 Ra2+ 49. Kb1 Rb2+ 50. Ka1 Rxb4 51.
f6 c2 52. Bf3+ Ke6 {White forfeits on time} 0-1